 Dungeon Crawl Stone Soup version 0.18-a0-1799-g6250cb2 (webtiles) character file.

19 macross the Sneak (level 2, -1/13 HPs)
             Began as a Spriggan Enchanter on Apr 23, 2016.
             Was an Initiate of Nemelex Xobeh.
             Slain by a worm (10 damage)
             ... on level 2 of the Dungeon.
             The game lasted 00:02:16 (856 turns).

macross the Sneak (Spriggan Enchanter)               Turns: 856, Time: 00:02:16

Health: -1/13      AC:  3    Str:  4    XL:     2   Next: 55%
Magic:  5/6        EV: 18    Int: 16    God:    Nemelex Xobeh [......]
Gold:   46         SH:  0    Dex: 16    Spells: 1 memorised, 5 levels left

rFire  . . .     SeeInvis +     a - +1 dagger
rCold  . . .     Gourm    .     b - +1 robe
rNeg   . . .     Faith    .     (shield restricted)
rPois  .         Spirit   .     (helmet restricted)
rElec  .         Dismiss  .     (no cloak)
rCorr  .         Reflect  .     (gloves unavailable)
SustAt .         Harm     .     (boots unavailable)
MR     .....                    (no amulet)
Stlth  +++.......               (no ring)
                                (no ring)

@: very quick, not resistant to hostile enchantments, fairly stealthy
A: unfitting armour, see invisible, herbivore 3, speed 3, slow metabolism 2
a: Renounce Religion


You were on level 2 of the Dungeon.
You worshipped Nemelex Xobeh.
Nemelex Xobeh was noncommittal.
You were not hungry.

You visited 1 branch of the dungeon, and saw 2 of its levels.

You collected 46 gold pieces.

Inventory:

Hand Weapons
 a - a +1 dagger (weapon)
Armour
 b - a +1 robe (worn)
Scrolls
 f - a scroll of enchant armour {unknown}
 g - 3 scrolls of teleportation {unknown}
 j - a scroll of identify {unknown}
 k - 2 scrolls of random uselessness {unknown}
Potions
 e - a potion of agility {unknown}
 h - a potion of might {unknown}
 i - a potion of brilliance {unknown}
Books
 c - a book of Maledictions

   Spells                             Type                      Level
   a - Corona                         Hexes                        1
   b - Ensorcelled Hibernation        Hexes/Ice                    2
   c - Confuse                        Hexes                        3
   d - Tukima's Dance                 Hexes                        3
   e - Dazzling Spray                 Conjuration/Hexes            3
Comestibles
 d - a bread ration


   Skills:
 * Level 0.1 Fighting
 * Level 1.7 Short Blades
 + Level 3.0 Dodging
 * Level 5.0 Stealth
 + Level 2.7 Spellcasting
 + Level 3.9 Hexes


You had 5 spell levels left.
You knew the following spells:

 Your Spells              Type           Power        Failure   Level  Hunger
a - Corona                Hex            ##.....      4%          1    #......


Dungeon Overview and Level Annotations

Branches:
Dungeon (2/15)

Altars:
Nemelex Xobeh
The Shining One


Innate Abilities, Weirdness & Mutations

You are tiny and cannot use many weapons and most armour.
You have supernaturally acute eyesight.
You are a herbivore.
You cover ground extremely quickly.
You need consume almost no food.


Message History

A worm is nearby!
You hit the worm.
The worm is lightly wounded.
You hit the worm but do no damage.
The worm is lightly wounded.
The worm barely misses you.
You hit the worm but do no damage.
The worm is lightly wounded.
You hit the worm but do no damage.
The worm is lightly wounded.
The worm closely misses you.
Casting: Corona
Confirm with . or Enter, or press ? or * to list all spells.
Aiming: Corona
Press: ? - help, Shift-Dir - straight line, f - worm
Aim: a worm (lightly wounded, chance to defeat MR: 60%)
The worm is outlined in light.
The worm bites you!
Ouch! That really hurt!
You die...
Your body disappears without a glow.

#### !.# #w#
###### #@###
#....###
#.).###.##...#####
###.(.#.####......
###.#.# #######
#.(.# # ##.......#
##.####.. #.# ..#


You could see a worm.

Vanquished Creatures
  An ooze (D:1)
  A dart slug (D:1)
  A giant gecko (D:2)
  2 goblins
  2 hobgoblins
  2 kobolds
  3 rats
12 creatures vanquished.

Notes
Turn   | Place    | Note
--------------------------------------------------------------
     0 | D:1      | macross the Spriggan Enchanter began the quest for the Orb.
     0 | D:1      | Reached XP level 1. HP: 9/9 MP: 5/5
   401 | D:1      | Reached XP level 2. HP: 5/13 MP: 3/6
   614 | D:2      | Found a glowing golden altar of the Shining One.
   614 | D:2      | Found a sparkling altar of Nemelex Xobeh.
   769 | D:2      | Became a worshipper of Nemelex Xobeh the Trickster
   795 | D:2      | Reached skill level 5 in Stealth
   856 | D:2      | Slain by a worm

Vault maps used:
D:1:      onia_arrival_handbag, serial_forest, infiniplex_forest_lined_1,
          infiniplex_forest_straight_1, infiniplex_forest_lined_room_2,
          infiniplex_forest_clump_double, infiniplex_forest_zigzag_1,
          minivault_4
D:2:      nemelex_deck, tso_metal_star, first_bread, minmay_liquid_box

Skill      XL: |  1  2 |
---------------+-------+-----
Stealth        | 5 |  5.0
Fighting       | |  0.1
Short Blades   | |  1.7
Dodging        | |  3.0
Spellcasting   | |  2.7
Hexes          | |  3.9

Action                   || total
-------------------------++-------
Melee: Dagger            ||    52
 Cast: Corona            ||     8
 Stab: Sleeping          ||     1
Armor: Robe              ||     1
Dodge: Dodged            ||    36
